Map: Ascension to Aiur LE

Players

SamuraiFunn

  • Race: Protoss Protoss
  • League: Platinum
  • Spawn Location: 5:00

A.I. 1 (Very Hard) - Winner!

  • Race: Terran Terran
  • Spawn Location: 11:00

VOD

Have the link to the VOD?

Description

Time

  • Played on: Dec. 1, 2017, 11:54 p.m.
  • Length: 13:49
Show
View Real Time Build Order
Export as new Build Order

SamuraiFunn Protoss 

Build Orders: Oracle Opening 

Get SALT Encoding   

  12  0:01  Probe  
  13  0:13  Probe  
  14  0:20  Pylon  
  14  0:25  Probe  
  15  0:38  Probe (Chrono Boost)  
  16  0:45  Gateway  
  17  0:50  Probe (Chrono Boost)  
  17  0:54  Probe  
  18  0:59  Assimilator  
  18  1:06  Probe  
  20  1:18  Probe  
  20  1:20  Pylon  
  20  1:30  Probe  
  21  1:37  Cybernetics Core  
  21  1:42  Probe, Assimilator  
  22  1:48  Zealot (Chrono Boost)  
  24  1:54  Probe  
  25  2:07  Probe  
  26  2:14  Nexus  
  26  2:35  Stargate  
  26  2:43  Probe  
  27  2:55  Probe  
  28  3:00  Pylon  
  28  3:07  Gateway  
  28  3:08  Probe  
  29  3:15  Pylon  
  32  3:26  Oracle (Chrono Boost)  
  32  3:39  Warp Gate  
  32  3:49  Gateway x2  
  35  3:58  Oracle  
  32  4:16  Zealot x2  
  36  4:26  Twilight Council  
  38  5:03  Oracle  
  38  5:25  Charge (Chrono Boost)  
  38  5:38  Probe x2  
  43  5:46  Oracle  
  43  5:47  Assimilator  
  43  5:50  Probe x2  
  43  5:51  Assimilator  
  43  5:52  Pylon  
  43  5:53  Pylon  
  45  6:02  Probe x2, Zealot x3  
  53  6:12  Gateway  
  53  6:14  Gateway, Probe x2  
  53  6:15  Gateway, Zealot  
  57  6:26  Probe x2  
  53  6:46  Zealot x4  
  58  6:50  Probe x2  
  60  7:02  Probe x2  
  62  7:09  Blink  
  62  7:12  Stalker x2  
  62  7:13  Stalker x2  
  62  7:14  Probe x2  
  72  7:16  Stalker x2  
  76  7:26  Probe x2  
  78  7:38  Pylon  
  78  7:39  Pylon  
  78  7:55  Nexus  
  78  7:56  Probe x2, Void Ray  
  78  7:58  Pylon  
  84  8:08  Probe  
  51  8:20  Stalker x3  
  51  8:21  Stalker x2  
  51  8:22  Stalker  
  51  8:25  Probe x2  
  65  8:38  Stalker  
  67  8:52  Void Ray  
  71  8:55  Stalker  
  71  8:56  Stalker x2  
  77  9:03  Probe  
  77  9:04  Probe  
  79  9:10  Probe  
  79  9:15  Stalker x2  
  79  9:16  Probe  
  85  9:31  Templar Archives  
  85  9:32  Forge  
  85  9:34  Forge  
  85  9:38  Probe x3  
  87  9:42  Void Ray  
  92  9:49  Assimilator  
  92  9:50  Probe  
  92  9:51  Stalker x2  
  92  9:52  Stalker  
  99  9:54  Assimilator  
  99  10:06  Probe x3  
  102  10:10  Psionic Storm, Protoss Ground Weapons Level 1 (Chrono Boost)  
  102  10:20  Nexus  
  102  10:22  Probe  
  102  10:23  Probe x2  
  102  10:27  Stalker x2  
  109  10:58  Probe x3  
  112  11:13  Pylon  
  112  11:16  Stalker x2  
  116  11:23  Pylon  
  116  11:25  Pylon  
  116  11:28  Protoss Shields Level 1 (Chrono Boost)  
  116  11:30  Pylon  
  116  11:34  Pylon  
  116  11:36  Stalker x2  
  116  11:37  Stalker x2  
  116  11:38  Stalker  
  130  11:47  Stalker  
  130  11:48  Stalker  
  134  11:54  Protoss Ground Armor Level 1 (Chrono Boost)  
  134  12:05  Probe x2  
  134  12:06  Probe  
  137  12:10  Assimilator  
  137  12:14  Assimilator  
  137  12:18  Stargate  
  137  12:20  Stargate  
  137  12:29  High Templar  
  135  12:30  High Templar x3  
  75  13:24  Stalker x3  
  75  13:25  Stalker x2  
  78  13:27  Stalker  
  78  13:28  Stalker  
Show
View Real Time Build Order
Export as new Build Order

A.I. 1 (Very Hard) Terran - Winner!

Build Orders: MMM Bio 

Get SALT Encoding   

  12  0:00  SCV  
  13  0:13  SCV  
  14  0:19  Supply Depot  
  14  0:25  SCV  
  15  0:40  SCV  
  16  0:43  Barracks  
  16  0:52  SCV  
  17  1:04  SCV  
  18  1:16  SCV  
  19  1:19  Command Center  
  19  1:30  Marine  
  20  1:34  Orbital Command  
  20  1:41  Refinery  
  20  1:47  Marine  
  20  1:53  Supply Depot  
  21  2:00  SCV  
  22  2:05  Marine, Refinery  
  23  2:15  SCV  
  24  2:23  Marine  
  24  2:27  SCV  
  26  2:31  SCV  
  27  2:41  Marine  
  27  2:44  Factory, Orbital Command  
  28  2:45  SCV  
  29  2:54  Engineering Bay  
  29  3:13  Marine  
  29  3:14  Factory  
  29  3:17  SCV  
  29  3:19  SCV  
  32  3:24  Missile Turret  
  32  3:25  Missile Turret  
  32  3:29  SCV  
  32  3:31  SCV, Marine  
  32  3:33  Supply Depot  
  35  3:35  Factory Tech Lab  
  35  3:42  SCV  
  35  3:43  SCV  
  37  3:53  Siege Tank  
  37  3:54  SCV  
  41  3:55  SCV  
  41  3:58  Factory Tech Lab  
  42  4:06  SCV  
  42  4:07  SCV  
  42  4:08  Supply Depot  
  44  4:16  Siege Tank  
  47  4:18  SCV  
  47  4:20  SCV  
  49  4:25  Supply Depot, Marine  
  49  4:26  Siege Tank  
  49  4:30  SCV  
  54  4:32  SCV  
  54  4:34  Supply Depot  
  55  4:42  SCV  
  55  4:44  SCV  
  57  4:48  Supply Depot, Siege Tank  
  57  4:54  SCV  
  57  4:56  SCV  
  54  5:05  Barracks Tech Lab  
  54  5:06  SCV  
  53  5:08  SCV  
  53  5:13  Refinery  
  54  5:15  Refinery  
  54  5:18  SCV  
  54  5:20  SCV  
  56  5:23  Barracks, Marauder  
  56  5:27  Stimpack  
  58  5:30  SCV  
  58  5:32  SCV  
  60  5:39  Missile Turret  
  60  5:43  SCV, Missile Turret  
  60  5:44  SCV, Marine  
  60  5:46  Starport  
  63  5:55  SCV  
  63  5:56  SCV  
  65  6:02  Marine  
  66  6:07  SCV  
  66  6:08  SCV  
  66  6:10  Marine  
  69  6:14  Supply Depot  
  69  6:19  SCV  
  69  6:20  SCV, Marauder  
  69  6:21  Barracks  
  69  6:22  Medivac  
  75  6:28  Barracks Reactor  
  75  6:31  SCV  
  76  6:33  SCV  
  77  6:40  Supply Depot, Terran Infantry Weapons Level 1  
  77  6:42  Marauder  
  77  6:43  SCV  
  80  6:52  Engineering Bay  
  80  6:53  Starport Reactor  
  80  7:03  Marauder  
  80  7:04  Marine x2  
  80  7:05  Supply Depot  
  80  7:07  Marine  
  85  7:11  Barracks, Command Center  
  85  7:17  Terran Infantry Armor Level 1  
  85  7:21  Marine  
  86  7:23  Marine  
  86  7:24  Marauder  
  86  7:25  Barracks Tech Lab  
  86  7:28  Combat Shields  
  86  7:29  Medivac, Viking  
  93  7:30  Supply Depot  
  93  7:39  Marine  
  93  7:41  Marine  
  93  7:43  Marine  
  96  7:46  Marauder  
  98  7:54  Supply Depot  
  98  7:57  Marine  
  99  7:58  Marine  
  99  7:59  Medivac, Marine, Viking  
  99  8:01  Marauder  
  107  8:07  Concussive Shells, Marauder  
  106  8:15  Marine  
  106  8:16  Marine  
  106  8:17  Marine  
  101  8:23  SCV x2, Marauder, Orbital Command  
  105  8:28  Marauder  
  105  8:29  Medivac  
  105  8:33  Marine  
  110  8:34  Marine, Missile Turret  
  110  8:35  SCV  
  110  8:36  SCV, Missile Turret  
  110  8:40  Marine  
  114  8:44  Marauder  
  114  8:47  SCV  
  114  8:48  SCV x2  
  117  8:49  Marine  
  117  8:51  Marine  
  117  8:52  Marine  
  121  8:59  SCV  
  121  9:00  SCV x2  
  121  9:02  Supply Depot  
  124  9:06  Marauder  
  124  9:08  Marauder  
  128  9:11  SCV  
  128  9:12  SCV  
  128  9:13  SCV  
  131  9:23  SCV  
  132  9:24  Armory  
  132  9:27  Marauder, Fusion Core  
  134  9:34  SCV  
  134  9:35  SCV  
  134  9:36  Supply Depot  
  134  9:37  SCV  
  137  9:41  Missile Turret  
  137  9:59  Refinery  
  137  10:00  Supply Depot  
  137  10:04  Refinery  
  137  10:12  Terran Infantry Armor Level 2  
  137  10:13  Terran Infantry Weapons Level 2  
  137  10:19  Command Center  
  137  10:25  Starport  
  137  10:27  SCV x2  
  137  10:28  SCV  
  140  10:29  Supply Depot  
  140  10:34  Marine  
  141  10:36  Missile Turret  
  141  10:38  Missile Turret  
  141  10:41  Marine  
  141  10:42  Marine  
  143  10:43  Marine  
  143  10:44  Marine  
  145  10:52  Marine  
  145  10:54  Supply Depot  
  146  10:59  Missile Turret  
  146  11:01  Marauder  
  148  11:04  Marine  
  148  11:05  Armory  
  148  11:09  Marine  
  148  11:10  Marine, Marauder  
  153  11:13  Starport Tech Lab, Ghost Academy  
  153  11:14  Viking  
  155  11:19  Supply Depot, Viking  
  155  11:22  Marine  
  155  11:23  Marauder  
  160  11:27  Marine  
  160  11:29  Marine  
  160  11:31  SCV, Viking  
  160  11:32  SCV, Marauder  
  168  11:34  Planetary Fortress  
  168  11:35  Refinery  
  168  11:38  Missile Turret  
  168  11:42  Missile Turret  
  168  11:43  Ghost  
  168  11:46  Missile Turret  
  170  11:47  Refinery  
  170  11:53  SCV  
  170  11:55  Ghost  
  170  11:58  Command Center  
  170  12:00  Viking  
  170  12:01  Raven  
  174  12:06  Medivac  
  178  12:12  Widow Mine, Siege Tank  
  178  12:13  Marauder  
  185  12:22  SCV  
  185  12:26  Marauder  
  187  12:30  Medivac  
  187  12:33  High Capacity Fuel Tanks, Barracks Tech Lab  
  187  12:36  Missile Turret  
  189  12:39  Marauder  
  189  12:40  Barracks  
  189  12:41  Widow Mine  
  193  12:44  Battlecruiser  
  199  13:06  Cyclone  
  199  13:07  Marauder x2  
  199  13:09  Widow Mine  
  199  13:11  Ghost  
  192  13:13  Medivac  
  192  13:14  Marine x2  
  168  13:27  Marine, Refinery  
  168  13:28  Marine x2, Command Center  
  168  13:30  Missile Turret  
  173  13:34  Missile Turret  
  173  13:37  Missile Turret  
  173  13:39  Refinery  
Tags
 
Composition
MMM Bio
League
Platinum
Matchup
PvT
Replay Pack
First 100 games
Spawn Locations
Cross Positions
Add a new tag
Caveats
  • Supply blocks, unpowered buildings, or Contaminate may cause inaccurate times.
  • Supply counts are checked every 10 seconds.